 Dungeon Crawl Stone Soup version 0.29.1-15-g9cfb28693d (webtiles) character file.

Game seed: 15637037611754072960

2 Calibrex the Trooper (level 1, -4/18 HPs)
             Began as a Demonspawn Monk on Mar 31, 2023.
             Was a Priest of Lugonu.
             Slain by a hobgoblin (5 damage)
             ... on level 1 of the Dungeon.
             The game lasted 00:01:02 (126 turns).

Calibrex the Trooper (Demonspawn Monk)               Turns: 126, Time: 00:01:04

Health: -4/18      AC:  2    Str: 11    XL:     1   Next: 25%
Magic:  1/1        EV: 12    Int: 11    God:    Lugonu [***...]
Gold:   29         SH:  0    Dex: 15    Spells: 0/0 levels left

rFire   . . .      SeeInvis .   a - +0 spear
rCold   . . .      Faith    .   (no shield)
rNeg    . . .      Spirit   .   b - +0 robe
rPois   .          Reflect  .   (no helmet)
rElec   .          Harm     .   (no cloak)
rCorr   .          Rampage  .   (no gloves)
Will    .....                   (no boots)
Stlth   +.........              (no amulet)
HPRegen 0.06/turn               (no ring)
MPRegen 0.07/turn               (no ring)

@: confused, ambrosia-drunk
A: no striking features
a: Renounce Religion, Depart the Abyss, Bend Space, Banish


You were on level 1 of the Dungeon.
You worshipped Lugonu.
Lugonu was most pleased with you.
You visited 1 branch of the dungeon, and saw 1 of its levels.

You collected 29 gold pieces.

Inventory:

Hand Weapons
 a - a +0 spear (weapon)
Armour
 b - a +0 robe (worn)


   Skills:
 + Level 3.0 Fighting
 + Level 2.7 Polearms
 - Level 2.6 Dodging
 - Level 1.7 Stealth


You couldn't memorise any spells.
You didn't know any spells.
Your spell library was empty.

Dungeon Overview and Level Annotations

Branches:
Dungeon (1/15)

Altars:
Lugonu


Message History

The giant cockroach misses you. The hobgoblin misses you.
Okay, then.
You aren't carrying any scrolls.
You are confused.
You feel invigorated.
The giant cockroach bites you but does no damage.
The endoplasm closely misses you.
The hobgoblin hits you but does no damage.
The giant cockroach closely misses you. The quokka closely misses you.
You're too confused to move!
The endoplasm freezes you.
You are frozen.
The hobgoblin closely misses you. The giant cockroach barely misses you.
The quokka barely misses you.
Okay, then.
You closely miss the hobgoblin.
The hobgoblin is almost dead.
The endoplasm freezes you.
You are frozen.
The kobold closely misses you. The dart slug launches a dart at you.
The slug dart misses you.
The slug dart hits the quokka.
The hobgoblin hits you.
* * * LOW HITPOINT WARNING * * *
The quokka misses you. The giant cockroach barely misses you.
You hit the hobgoblin but do no damage.
The hobgoblin is almost dead.
The endoplasm freezes you.
You are frozen.
* * * LOW HITPOINT WARNING * * *
The kobold closely misses you. The hobgoblin completely misses you.
The quokka closely misses you.
The giant cockroach bites you but does no damage.
The dart slug bites you.
* * * LOW HITPOINT WARNING * * *
You hit the endoplasm but do no damage. The quokka bites you.
* * * LOW HITPOINT WARNING * * *
The giant cockroach bites you but does no damage.
The kobold closely misses you. The endoplasm hits you.
* * * LOW HITPOINT WARNING * * *
The hobgoblin hits you.
You die...

###############
................
#..............#
#..............#
#.........)....#
#..............#
.......w.......#
.......J@K.....#
.......gBr.....#
......).B......#
......[........#
#...#
.###.#...#######
#...# #.#...#
#...# # #^....#
#...###.###^_^..#
#....##......^..#


You could see a dart slug, an endoplasm, a quokka, 2 giant cockroaches, a
hobgoblin and a kobold.

Vanquished Creatures
  A goblin (D:1)
  A frilled lizard (D:1)
2 creatures vanquished.

Notes
Turn   | Place    | Note
-------+----------+-------------------------------------------
     0 | D:1      | Calibrex the Demonspawn Monk began the quest for the Orb.
     0 | D:1      | Reached XP level 1. HP: 18/18 MP: 1/1
   103 | D:1      | Found a faded altar of an unknown god.
   116 | D:1      | Prayed at the altar of an unknown god.
   116 | D:1      | Became a worshipper of Lugonu the Unformed
   116 | D:1      | Reached * piety under Lugonu
   116 | D:1      | Reached ** piety under Lugonu
   116 | D:1      | Reached *** piety under Lugonu
   126 | D:1      | Slain by a hobgoblin

Illustrated notes

Levels and vault maps discovered:
D:1:      giann_wishing_wells, layout_basic, ebering_ecumenical_altar_webs,
          kennysheep_doodads

Action                   || total
-------------------------++-------
Melee: Spear             ||    14
Invok: Bend Space        ||     1
  Use: Potion            ||     1
 Stab: Sleeping          ||     1
Armor: Robe              ||    12
Dodge: Dodged            ||    24
